 Dungeon Crawl Stone Soup version 0.21.0-3-g78d12a8 (webtiles) character file.

100 Megalobster the Covered (level 4, -4/29 HPs)
             Began as a Gargoyle Fighter on Jan 16, 2018.
             Killed from afar by Crazy Yiuf (11 damage)
             ... with a wand of flame (25)
             ... on level 2 of the Dungeon.
             The game lasted 00:05:35 (1875 turns).

Megalobster the Covered (Gargoyle Fighter)          Turns: 1875, Time: 00:05:36

Health: -4/29      AC: 11    Str: 20    XL:     4   Next: 73%
Magic:  4/4        EV:  7    Int:  9    God:
Gold:   71         SH:  9    Dex:  9    Spells: 3/3 levels left

rFire    . . .     SeeInvis .   a - +0 flail
rCold    . . .     Gourm    .   c - +0 shield
rNeg     + . .     Faith    .   b - +0 scale mail
rPois    ∞         Spirit   .   (no helmet)
rElec    +         Reflect  .   (no cloak)
rCorr    .         Harm     .   (no gloves)
MR       .....                  i - +0 pair of boots
Stlth    ..........             (no amulet)
HPRegen  0.09/turn              (no ring)
MPRegen  0.09/turn              (no ring)

@: very slightly contaminated, invisible
A: negative energy resistance 1, electricity resistance, unbreathing,
petrification resistance, rot immunity, AC +3
a: no special abilities


You were on level 2 of the Dungeon.
You were not hungry.

You visited 1 branch of the dungeon, and saw 2 of its levels.

You collected 71 gold pieces.

Inventory:

Hand Weapons
 a - a +0 flail (weapon)
 d - a +0 mace
Armour
 b - a +0 scale mail (worn)
 c - a +0 shield (worn)
 i - a +0 pair of boots (worn)
Scrolls
 g - a scroll of noise {unknown}
 h - a scroll of blinking {unknown}
 l - 2 scrolls of identify {unknown}
 m - a scroll of magic mapping {unknown}
 p - a scroll of remove curse {unknown}
Potions
 e - 2 potions of degeneration {unknown}
 j - a potion of haste {unknown}
 k - a potion of flight {unknown}
 n - a potion of curing {unknown}
 o - 2 potions of heal wounds {unknown}
 q - 2 potions of ambrosia {unknown}
Comestibles
 f - 5 rations


   Skills:
 + Level 3.8 Fighting
 * Level 3.2 Maces & Flails
 + Level 3.8 Armour
 + Level 1.1 Dodging
 + Level 3.8 Shields


You had 3 spell levels left.
You didn't know any spells.

Dungeon Overview and Level Annotations

Branches:
Dungeon (2/15)

Altars:
Dithmenos
Fedhas
Gozag
Hepliaklqana
Xom

Annotations:
D:2 Crazy Yiuf


Innate Abilities, Weirdness & Mutations

You are resistant to torment.
Your stone body is resilient. (AC +3)
You are immune to poison.
You resist negative energy. (rN+)
You are resistant to electric shocks. (rElec)
You can survive without breathing.
You are immune to petrification.
You are immune to rotting.


Message History

There is an open door here.
You see here a club.
There is an open door here.
You open the door.
There is an open door here.
You open the door.
Crazy Yiuf the Enlightened comes into view.
He is wielding a quarterstaff of chaos.
Crazy Yiuf shouts!
Crazy Yiuf zaps a wand.
The puff of flame hits you!
It is a wand of flame (25).
Found a mace.
You take 5 damage, and have 24/29 hp.
There is an open door here.
Crazy Yiuf hits you with a quarterstaff of chaos.
You fade into invisibility!
You are very lightly contaminated with residual magic.
You take 5 damage, and have 19/29 hp.
You hit Crazy Yiuf but do no damage.
Crazy Yiuf hits you with a quarterstaff of chaos!
* * * LOW HITPOINT WARNING * * *
Crazy Yiuf zaps a wand.
The puff of flame hits you!
You die...

#...........'........
#####.#...####........
#......#.## ##.......
########## ##.....#
##...## ##### ##'##
#)..# #.# #.g.# #.#
#.@.# ##.## ##'##
##..>## ♣.♣♣ #.....#
♣♣.♣ ##...## ♣.♣♣ ###
##.## ♣♣.♣
#.######.### ♣♣.♣♣
#........... ♣♣...♣
########.### ♣P..P♣
#.#


You could see Crazy Yiuf.

Vanquished Creatures
  Terence (D:2)
  4 adders (D:2)
  An ooze (D:2)
  A dart slug (D:1)
  2 leopard geckos (D:1)
  2 giant cockroaches
  4 goblins
  6 hobgoblins
  2 kobolds (D:2)
  4 bats (D:1)
  3 frilled lizards
  3 rats
33 creatures vanquished.

Notes
Turn   | Place    | Note
-------+----------+-------------------------------------------
     0 | D:1      | Megalobster the Gargoyle Fighter began the quest for the Orb.
     0 | D:1      | Reached XP level 1. HP: 14/14 MP: 1/1
    98 | D:1      | Reached XP level 2. HP: 15/19 MP: 2/2
   496 | D:1      | Reached XP level 3. HP: 23/23 MP: 3/3
   864 | D:2      | Noticed Terence
   876 | D:2      | Killed Terence
   964 | D:2      | Reached skill level 1 in Dodging
   964 | D:2      | Reached XP level 4. HP: 23/29 MP: 4/4
  1236 | D:2      | Found a shadowy altar of Dithmenos.
  1256 | D:2      | Found an opulent altar of Gozag.
  1387 | D:2      | Found a runed door.
  1599 | D:2      | Found a shimmering altar of Xom.
  1628 | D:2      | Found a hazy altar of Hepliaklqana.
  1713 | D:2      | Found a blossoming altar of Fedhas.
  1872 | D:2      | Noticed Crazy Yiuf
  1875 | D:2      | Killed from afar by Crazy Yiuf

Skill      XL: |  1  2  3  4 |
---------------+-------------+-----
Dodging        | 1 |  1.1
Maces & Flails | 3 |  3.2
Fighting       | |  3.8
Armour         | |  3.8
Shields        | |  3.8

Action                   |  1- 3 |  4- 6 || total
-------------------------+-------+-------++-------
Melee: Flail             |   142 |    26 ||   168
  Use: Potion            |     1 |       ||     1
  Eat: Chunk             |       |     3 ||     3
Armor: Scale mail        |    79 |    15 ||    94
Dodge: Dodged            |    46 |     7 ||    53
Block: Shield            |    67 |    11 ||    78
